 Dungeon Crawl Stone Soup version 0.20.1-1-g8b1a95d (webtiles) character file.

53 dohliylev the Sneak (level 3, 0/27 HPs)
             Began as a Vampire Assassin on Aug 9, 2017.
             Slain by a worker ant (7 damage)
             ... on level 3 of the Dungeon.
             The game lasted 00:05:24 (1885 turns).

dohliylev the Sneak (Vampire Assassin)              Turns: 1885, Time: 00:05:25

Health: 0/27       AC:  0    Str: 10    XL:     3   Next: 62%
Magic:  0/3        EV: 19    Int: 13    God:
Gold:   104        SH:  0    Dex: 21    Spells: 2/2 levels left

rFire    . . .     SeeInvis +   (weapon currently unavailable)
rCold    . . .     Gourm    .   (shield currently unavailable)
rNeg     + . .     Faith    .   (armour currently unavailable)
rPois    .         Spirit   .   (helmet currently unavailable)
rElec    .         Reflect  .   (cloak currently unavailable)
rCorr    .         Harm     .   (gloves currently unavailable)
MR       .....                  (boots currently unavailable)
Stlth    ++++++....             (no amulet)
Regen    0.1/turn               (ring currently unavailable)
MPRegen  0.1/turn               (ring currently unavailable)

@: bat-form, flying, very quick
A: fangs 3, see invisible
a: End Transformation


You were on level 3 of the Dungeon.
You were not thirsty.
You were in vampire-bat-form.
You visited 1 branch of the dungeon, and saw 3 of its levels.

You collected 104 gold pieces.

Inventory:

Hand Weapons
 a - a +2 dagger (melded)
 b - a +0 blowgun
Missiles
 e - 8 poisoned needles
 f - 2 curare-tipped needles
Armour
 c - a +0 robe (melded)
 d - a +0 cloak (melded)
 h - a +0 buckler (melded)
 n - a +2 pair of gloves
Jewellery
 r - an uncursed ring of see invisible {unknown}
Scrolls
 i - 2 scrolls of remove curse {unknown}
 j - a scroll of magic mapping {unknown}
 k - 2 scrolls of enchant armour {unknown}
 l - a scroll of teleportation {unknown}
 p - a scroll of enchant weapon {unknown}
 q - a scroll of recharging {unknown}
Potions
 g - 5 potions of blood
 m - a potion of haste {unknown}
 o - a potion of curing {unknown}


   Skills:
 + Level 2.0 Fighting
 + Level 2.5 Short Blades
 + Level 1.8 Throwing
 + Level 1.2 Dodging
 * Level 7.2 Stealth
 + Level 0.3 Shields


You had 2 spell levels left.
You didn't know any spells.

Dungeon Overview and Level Annotations

Branches:
Dungeon (3/15)

Altars:
Yredelemnul


Innate Abilities, Weirdness & Mutations

You have razor-sharp teeth.
You have supernaturally acute eyesight. (SInv)
((You can survive without breathing.))


Message History

The orc is almost dead.
You block the orc's attack. The worker ant bites you.
You hit the orc but do no damage.
The orc is almost dead.
The worker ant bites you.
* * * LOW HITPOINT WARNING * * *
You block the orc's attack.
You hit the orc but do no damage.
The orc is almost dead.
You block the worker ant's attack. The orc barely misses you.
You hit the orc but do no damage. You bite the orc.
You kill the orc!
The worker ant bites you but does no damage.
You don't know any spells.
Okay, then.
You fail to use your ability.
The worker ant closely misses you.
You turn into a vampire bat.
Your +2 dagger melds into your body.
Your +0 cloak melds into your body.
Your +0 buckler melds into your body.
Your +0 robe melds into your body.
The worker ant bites you!
You die...

#.######..#
######..#
.........######.##
..................
.........#.####.#
..............#.#
#.#####.........#
# #####.##a##.###
.......b)# .#
#####.##.# # ...
%... ... #.##.#
... ... # .. #.# .
###


You could see a worker ant.

Vanquished Creatures
  An adder (D:1)
  An ooze (D:2)
  A leopard gecko (D:1)
  An orc (D:3)
  A ball python (D:2)
  A bat (D:2)
  4 giant cockroaches (D:1)
  A goblin (D:1)
  3 hobgoblins
  5 jackals (D:1)
  A quokka (D:2)
  3 frilled lizards
  9 kobolds
  3 rats (D:1)
35 creatures vanquished.

Notes
Turn   | Place    | Note
-------+----------+-------------------------------------------
     0 | D:1      | dohliylev the Vampire Assassin began the quest for the Orb.
     0 | D:1      | Reached XP level 1. HP: 16/16 MP: 1/1
    52 | D:1      | Reached skill level 6 in Stealth
   149 | D:1      | Reached XP level 2. HP: 19/22 MP: 2/2
   778 | D:1      | Reached XP level 3. HP: 15/27 MP: 3/3
  1267 | D:2      | Reached skill level 7 in Stealth
  1496 | D:2      | Found a basalt altar of Yredelemnul.
  1885 | D:3      | Slain by a worker ant

Skill      XL: |  1  2  3 |
---------------+----------+-----
Stealth        | 6 7 |  7.2
Fighting       | 2 |  2.0
Short Blades   | |  2.5
Throwing       | |  1.8
Dodging        | |  1.2
Shields        | |  0.3

Action                   || total
-------------------------++-------
Melee: Dagger            ||   126
       Bite              ||    10
       Unarmed           ||     1
 Abil: Bat Form          ||    12
       End Transformatio ||    11
 Stab: Sleeping          ||    13
  Eat: Corpse            ||     2
Armor: Robe              ||    24
Dodge: Dodged            ||    61
Block: Buckler           ||    18
